 Dungeon Crawl Stone Soup version 0.19.1 (webtiles) character file.

40 Mefis the Magician (level 3, 0/19 HPs)
             Began as a Deep Elf Wizard on Dec 18, 2016.
             Succumbed to an adder's poison
             ... on level 2 of the Dungeon.
             The game lasted 00:02:12 (1455 turns).

Mefis the Magician (Deep Elf Wizard)                Turns: 1455, Time: 00:02:13

Health: 0/19       AC:  2    Str: -1    XL:     3   Next: 30%
Magic:  7/11       EV: 13    Int: 23    God:
Gold:   74         SH:  0    Dex: 13    Spells: 5 memorised, 2 levels left

rFire  . . .     SeeInvis .     e - +0 short sword
rCold  . . .     Gourm    .     a - +0 robe
rNeg   . . .     Faith    .     (no shield)
rPois  .         Spirit   .     b - +0 hat
rElec  .         Reflect  .     (no cloak)
rCorr  .         Harm     .     (no gloves)
MR     .....                    (no boots)
Stlth  ++........               (no amulet)
                                (no ring)
                                i - -5 ring of strength (curse)

@: lethally poisoned (0 -> -20), slowed, lost strength, repel missiles, very
slow
A: no striking features
a: no special abilities


You were on level 2 of the Dungeon.
You were not hungry.

You visited 1 branch of the dungeon, and saw 2 of its levels.

You collected 74 gold pieces.

Inventory:

Hand Weapons
 e - a +0 short sword (weapon)
Missiles
 g - 17 sling bullets
Armour
 a - a +0 robe (worn)
 b - a +0 hat (worn)
Jewellery
 i - a cursed -5 ring of strength (left hand)
 o - an uncursed amulet of faith {unknown}
Scrolls
 f - a scroll of immolation {unknown}
 k - 2 scrolls of identify {unknown}
Potions
 j - 2 potions of heal wounds {unknown}
 l - a potion of haste {unknown}
 m - a potion of ambrosia {unknown}
Books
 c - a book of Minor Magic

   Spells                             Type                      Level
   a - Magic Dart                     Conjuration                  1
   b - Blink                          Translocation                2
   c - Call Imp                       Summoning                    2
   d - Repel Missiles                 Charms/Air                   2
   e - Slow                           Hexes                        2
   f - Conjure Flame                  Conjuration/Fire             3
   g - Mephitic Cloud                 Conjuration/Poison/Air       3
Comestibles
 d - a bread ration
 h - a beef jerky
 n - a slice of pizza


   Skills:
 + Level 3.0 Dodging
 + Level 3.1 Stealth
 * Level 5.2 Spellcasting
 + Level 1.4 Conjurations
 - Level 1.1 Summonings
 - Level 1.1 Translocations
 + Level 0.0 Air Magic
 + Level 0.2 Poison Magic


You had 2 spell levels left.
You knew the following spells:

 Your Spells              Type           Power        Failure   Level  Hunger
a - Magic Dart            Conj           ##..         6%          1    None
b - Call Imp              Summ           ##......     12%         2    None
c - Blink                 Tloc           N/A          12%         2    None
d - Repel Missiles        Chrm/Air       #.....       17%         2    None
e - Mephitic Cloud        Conj/Pois/Air  #.......     24%         3    ##.....


Dungeon Overview and Level Annotations

Branches:
Dungeon (2/15)

Altars:


Message History

Confirm with . or Enter, or press ? or * to list all spells.
Aiming: Magic Dart
Press: ? - help, Shift-Dir - straight line, f - goblin
Aim: a goblin, wielding a hunting sling The magic dart hits the goblin.
You kill the goblin!
Your Dodging skill increases to level 3!
Casting: Magic Dart
Confirm with . or Enter, or press ? or * to list all spells.
You can't see any susceptible monsters within range! (Use Z to cast anyway.)
Casting: Magic Dart
Confirm with . or Enter, or press ? or * to list all spells.
You can't see any susceptible monsters within range! (Use Z to cast anyway.)
Casting: Magic Dart
Confirm with . or Enter, or press ? or * to list all spells.
You can't see any susceptible monsters within range! (Use Z to cast anyway.)
* * * LOW HITPOINT WARNING * * *
You feel sick.
Unknown command.
You die...

....##.##....[.# ##
####..##..><.....#
#.........#......#
#.##..###.#......#
#...........#########
#...##.######## #≈≈ #
#.# #≈. #(# #≈. #@#
#≈. ........<...# #≈.
.###....%#..# #≈.
#....?.) .... #≈.
#......... ### #≈.
#......?..# #≈.
#.#.......# #≈≈
.......#### ###


There were no monsters in sight!

Vanquished Creatures
  2 adders (D:2)
  A dart slug (D:2)
  A leopard gecko (D:1)
  2 giant cockroaches (D:1)
  4 goblins
  3 hobgoblins (D:1)
  3 kobolds (D:1)
  A ball python (D:2)
  2 bats
  A frilled lizard (D:1)
20 creatures vanquished.

Notes
Turn   | Place    | Note
-------+----------+-------------------------------------------
     0 | D:1      | Mefis the Deep Elf Wizard began the quest for the Orb.
     0 | D:1      | Reached XP level 1. HP: 10/10 MP: 7/7
   182 | D:1      | Reached XP level 2. HP: 15/15 MP: 0/9
   186 | D:1      | Learned a level 2 spell: Call Imp
   189 | D:1      | Learned a level 2 spell: Blink
   192 | D:1      | Learned a level 2 spell: Repel Missiles
   336 | D:1      | Lost strength.
   921 | D:2      | Reached skill level 5 in Spellcasting
  1070 | D:2      | Reached XP level 3. HP: 13/19 MP: 2/11
  1075 | D:2      | Learned a level 3 spell: Mephitic Cloud
  1455 | D:2      | Succumbed to an adder's poison

Skill      XL: |  1  2  3 |
---------------+----------+-----
Stealth        | 3 |  3.1
Spellcasting   | 5 |  5.2
Dodging        | 3 |  3.0
Conjurations   | |  1.4
Summonings     | |  1.1
Translocations | |  1.1
Poison Magic   | |  0.2

Action                   || total
-------------------------++-------
 Cast: Magic Dart        ||    52
       Repel Missiles    ||     1
  Eat: Chunk             ||     1
       Bread ration      ||     1
Armor: Robe              ||     2
Dodge: Dodged            ||    12
       Deflected         ||     1
